 Dungeon Crawl Stone Soup version 0.17-a0-2109-g117576f (webtiles) character file.

671 tp1 the Charmwright (level 7, -14/36 HPs)
             Began as a Deep Elf Conjurer on Oct 19, 2015.
             Demolished by an ogre
             ... wielding a +0 giant spiked club
              (22 damage)
             ... on level 6 of the Dungeon.
             The game lasted 00:37:24 (4605 turns).

tp1 the Charmwright (Deep Elf Conjurer)             Turns: 4605, Time: 00:37:24

Health: -14/36     AC:  6    Str:  6      XL:     7   Next: 32%
Magic:  18/31      EV: 13    Int: 19 (21) God:
Gold:   236        SH:  0    Dex: 15      Spells: 4 memorised, 5 levels left

rFire  . . .     SeeInvis .     L - staff of power
rCold  . . .     Clarity  .     a - +0 robe
rNeg   . . .     SustAt   .     (no shield)
rPois  .         Gourm    .     (no helmet)
rElec  .         Spirit   .     (no cloak)
rCorr  .         Warding  .     E - +0 pair of gloves
rMut   .         Stasis   .     (no boots)
MR     .....                    (no amulet)
Stlth  +++.......               z - +3 ring of protection
                                (no ring)

@: not resistant to hostile enchantments, fairly stealthy
A: no striking features
a: no special abilities


You were on level 6 of the Dungeon.
You were not hungry.

You visited 1 branch of the dungeon, and saw 6 of its levels.

You collected 236 gold pieces.

Inventory:

Hand Weapons
 j - a +0 rapier
 k - a +0 dagger
 m - a +0 rapier
 q - a +0 short sword
 H - a +0 quarterstaff
 J - the +10 dagger of Integrity {flame, MR+}
   (You found it on level 5 of the Dungeon)

   It has been specially enchanted to burn those struck by it, causing extra
   injury to most foes and up to half again as much damage against particularly
   susceptible opponents.
   It affects your resistance to hostile enchantments.
Missiles
 t - 30 sling bullets
Armour
 a - a +0 robe (worn)
 e - a +0 robe
 l - a +0 robe
 n - a +1 leather armour of poison resistance
 C - a +0 buckler
 E - a +0 pair of gloves (worn)
 K - the +15 Maxwell's patent armour {-Cast -Tele rElec MR+ rCorr}
   (You found it on level 5 of the Dungeon)

   It insulates you from electricity.
   It affects your resistance to hostile enchantments.
   It prevents spellcasting.
   It prevents most forms of teleportation.
   It protects you from acid and corrosion.
Magical Staves
 L - an uncursed staff of power (weapon)
Jewellery
 p - a +1 ring of evasion
 z - a +3 ring of protection (right hand)
 B - an uncursed ring of wizardry {unknown}
Wands
 v - a wand of frost (32)
Scrolls
 f - a scroll of teleportation
 g - 3 scrolls of identify
 i - a scroll of remove curse
 o - 2 scrolls of noise
 r - 3 scrolls of amnesia {unknown}
 y - a scroll of enchant armour {unknown}
 M - a scroll of fear {unknown}
Potions
 d - 2 potions of magic
 h - a potion of resistance
 w - a potion of lignification
Books
 b - a book of Conjurations

   Spells                             Type                      Level
   a - Magic Dart                     Conjuration                  1
   b - Searing Ray                    Conjuration                  2
   c - Dazzling Spray                 Conjuration/Hexes            3
   d - Fulminant Prism                Conjuration/Hexes            4
   e - Iskenderun's Mystic Blast      Conjuration                  4
   f - Iskenderun's Battlesphere      Conjuration/Charms           5
 G - a book of Debilitation

   Spells                             Type                      Level
   a - Corona                         Hexes                        1
   b - Slow                           Hexes                        2
   c - Gell's Gravitas                Hexes/Translocation          3
   d - Inner Flame                    Hexes/Fire                   3
   e - Cause Fear                     Hexes                        4
   f - Leda's Liquefaction            Hexes/Earth                  4
Comestibles
 c - 4 bread rations
 s - 4 meat rations
 u - 4 fruits
 x - 3 chunks of flesh


   Skills:
 - Level 1.0 Short Blades
 - Level 3.0 Dodging
 - Level 4.0 Stealth
 - Level 5.3 Spellcasting
 - Level 5.0 Conjurations
 + Level 7.1 Charms
 - Level 3.4 Evocations


You had 5 spell levels left.
You knew the following spells:

 Your Spells              Type           Power        Failure   Level  Hunger
a - Magic Dart            Conj           ###.         1%          1    None
b - Searing Ray           Conj           ###...       2%          2    None
c - Dazzling Spray        Conj/Hex       ##......     14%         3    ##.....
d - Iskenderun's Battles  Conj/Chrm      ####....     34%         5    #####..


Dungeon Overview and Level Annotations

Branches:
Dungeon (6/15)
 Temple: D:4-7

Altars:
The Shining One


Message History

A magic dart appears from out of thin air!
The magic dart hits you!
* * * LOW HITPOINT WARNING * * *
Your battlesphere fires!
The barrage of energy hits the ogre.
The ogre is severely wounded.
Your battlesphere expends the last of its energy and dissipates.
Casting: Magic Dart
Confirm with . or Enter, or press ? or * to list all spells.
Aiming: Magic Dart
Press: ? - help, Shift-Dir - straight line, f/p - ogre
Aim: an ogre, wielding a giant spiked club (severely wounded)
Okay, then.
Casting: Magic Dart
Confirm with . or Enter, or press ? or * to list all spells.
The spell is very dangerous to cast!
Continue anyway?
You conjure a globe of magical energy.
Something hits you but does no damage.
The ogre hits you with a giant spiked club!!
Ouch! That really hurt!
You die...

.......'Y.......(.
#...####+#
...#####Y.........
#......... ##+
###O..#....
#......... ....#
... #.........
.....+ #.........
......# #...####+#
..(....##### #
#...#
..O..###.o.ยง#.#
....# ......
#.#O@.*# #.#### #'
.. ... .... .....
......


You could see an ogre and an orc.

Vanquished Creatures
  An ice beast (D:5)
  An ogre (D:6)
  A centaur (D:5)
  A giant frog zombie (D:5)
  An orc priest (D:4)
  3 crimson imps
  An orc wizard (D:4)
  3 worker ants
  A gnoll (D:1)
  4 adders
  A white imp (D:5)
  3 oozes
  4 worms
  3 giant geckos
  14 orcs
  9 bats
  5 giant cockroaches
  2 hobgoblins (D:2)
  5 kobolds
  A quokka (D:5)
  4 ball pythons
  A giant cockroach zombie (D:5)
  6 giant newts
  3 goblins (D:1)
  3 goblin skeletons (D:5)
  A goblin zombie (D:5)
  A hobgoblin zombie (D:5)
  A jackal skeleton (D:5)
  3 orc skeletons (D:5)
  An orc zombie (D:5)
  A quokka skeleton (D:5)
  14 rats
103 creatures vanquished.

Vanquished Creatures (others)
  2 fungi (D:1)
2 creatures vanquished.

Grand Total: 105 creatures vanquished

Notes
Turn   | Place    | Note
--------------------------------------------------------------
     0 | D:1      | tp1 the Deep Elf Conjurer began the quest for the Orb.
     0 | D:1      | Reached XP level 1. HP: 10/10 MP: 6/6
   104 | D:1      | Reached XP level 2. HP: 15/15 MP: 4/8
   473 | D:1      | Reached XP level 3. HP: 19/19 MP: 3/9
   966 | D:2      | Reached skill level 5 in Conjurations
  1097 | D:2      | You fall through a shaft!
  1417 | D:2      | Reached skill level 1 in Short Blades
  1453 | D:3      | Reached XP level 4. HP: 24/24 MP: 4/10
  1675 | D:3      | Lost strength.
  1915 | D:3      | Learned a level 2 spell: Searing Ray
  1919 | D:3      | Learned a level 3 spell: Dazzling Spray
  2466 | D:4      | Reached skill level 5 in Spellcasting
  2466 | D:4      | Reached XP level 5. HP: 28/28 MP: 2/14
  2474 | D:4      | Learned a level 5 spell: Iskenderun's Battlesphere
  3159 | D:5      | Entered Level 5 of the Dungeon
  3345 | D:5      | Got an iridescent dagger
  3346 | D:5      | Identified the +10 dagger of Integrity {flame, MR+} (You found it on level 5 of the Dungeon)
  3538 | D:5      | Found a glowing golden altar of the Shining One.
  3720 | D:5      | Noticed an ice beast
  3739 | D:5      | Killed an ice beast
  3739 | D:5      | Reached skill level 5 in Charms
  3739 | D:5      | Reached XP level 6. HP: 20/32 MP: 15/15
  3915 | D:5      | Reached skill level 1 in Evocations
  4128 | D:5      | Found a glowing golden altar of the Shining One.
  4166 | D:5      | Reached XP level 7. HP: 28/36 MP: 16/16
  4409 | D:6      | Reached skill level 6 in Charms
  4487 | D:6      | Noticed a yak
  4487 | D:6      | Noticed a yak
  4490 | D:6      | Noticed a yak
  4491 | D:6      | Noticed a yak
  4491 | D:6      | Noticed a yak
  4596 | D:6      | Reached skill level 7 in Charms
  4605 | D:6      | Demolished by an ogre

Vault maps used:
D:1:      lightli_molten_gateway, minmay_shallow_snake_nest
D:4:      first_bread
D:5:      nicolae_tso_besieged_by_evil

Action                   |  1- 3 |  4- 6 |  7- 9 || total
-------------------------+-------+-------+-------++-------
Melee: Dagger            |     1 |       |       ||     1
       Short sword       |    14 |    24 |       ||    38
       Rapier            |       |    15 |       ||    15
       Staff             |       |     9 |       ||     9
 Cast: Magic Dart        |    89 |   133 |    23 ||   245
       Searing Ray       |       |    12 |       ||    12
       Dazzling Spray    |       |     2 |       ||     2
       Iskenderun's Batt |       |     6 |     5 ||    11
  Use: Scroll            |       |     6 |       ||     6
       Potion            |       |     1 |     5 ||     6
 Stab: Invisible         |       |     1 |       ||     1
  Eat: Chunk             |     1 |     5 |       ||     6
       Bread ration      |       |     1 |     1 ||     2
       Fruit             |       |     1 |       ||     1
       Pizza             |       |     1 |       ||     1
